 Dungeon Crawl Stone Soup version 0.30-a0-377-g5cb311bc9f (webtiles) character file.

Game seed: 3639106115263390416

118 KennySheep the Conjurer (level 4, -3/24 HPs)
             Began as a Deep Elf Conjurer on Nov 30, 2022.
             Slain by an ice beast (8 damage)
             ... on level 3 of the Dungeon.
             The game lasted 00:06:54 (2694 turns).

KennySheep the Conjurer (Deep Elf Conjurer)         Turns: 2694, Time: 00:06:55

Health: -3/24      AC:  3    Str:  4    XL:     4   Next: 72%
Magic:  7/12       EV: 12    Int: 25    God:
Gold:   150        SH:  0    Dex: 13    Spells: 8/11 levels left

rFire   . . .      SeeInvis .    (no weapon)
rCold   . . .      Faith    .    (no shield)
rNeg    . . .      Spirit   .    a - +0 robe
rPois   .          Reflect  .    (no helmet)
rElec   .          Harm     .    (no cloak)
rCorr   .          Rampage  .    j - +0 pair of gloves
Will    .....                    (no boots)
Stlth   ++........               (no amulet)
HPRegen 0.24/turn                (no ring)
MPRegen 0.13/turn                (no ring)

@: no status effects
A: no striking features
a: no special abilities


You were on level 3 of the Dungeon.
You visited 1 branch of the dungeon, and saw 3 of its levels.

You collected 150 gold pieces.

Inventory:

Armour
 a - a +0 robe (worn)
 f - a +1 ring mail of positive energy
 j - a +0 pair of gloves (worn)
Jewellery
 u - an amulet of reflection
Wands
 r - a wand of quicksilver (3)
Scrolls
 d - 2 scrolls of teleportation
 e - a scroll of amnesia
 g - a scroll of vulnerability
 h - a scroll of summoning {unknown}
 m - 2 scrolls of noise {unknown}
 o - a scroll of enchant weapon {unknown}
 s - a scroll of identify {unknown}
 t - a scroll of butterflies {unknown}
Potions
 b - 2 potions of magic
 c - a potion of flight {unknown}
 i - a potion of ambrosia {unknown}
 k - a potion of curing {unknown}
 l - 2 potions of heal wounds {unknown}
 n - 2 potions of berserk rage
 p - 2 potions of degeneration {unknown}
 q - a potion of mutation {unknown}


   Skills:
 - Level 2.4 Dodging
 - Level 2.4 Stealth
 + Level 4.0 Spellcasting
 * Level 5.4 Conjurations
 * Level 2.9 Translocations


You had 8 spell levels left.
You knew the following spells:

 Your Spells              Type           Power      Damage    Failure   Level
a - Magic Dart            Conj           100%       1d8       1%          1
b - Searing Ray           Conj           64%        2d6       1%          2

Your spell library contained the following spells:

 Spells                   Type           Power      Damage    Failure   Level
 Dazzling Flash           Conj/Hex       36%        N/A       9%          3
 Mephitic Cloud           Conj/Pois/Air  14%        N/A       13%         3
 Iskenderun's Mystic Bla  Conj/Tloc      26%        2d7       16%         4
 Fulminant Prism          Conj/Hex       9%         3d7       28%         4
 Eringya's Noxious Bog    Tmut/Pois      2%         N/A       100%        6


Dungeon Overview and Level Annotations

Branches:
Dungeon (3/15)

Altars:
Trog
Vehumet


Message History

A giant cockroach comes into view.
A giant cockroach is nearby!
A giant cockroach is nearby!
A giant cockroach is nearby!
The magic dart hits the giant cockroach.
You kill the giant cockroach!
You can't see any susceptible monsters within range! (Use Z to cast anyway.)
You can't see any susceptible monsters within range! (Use Z to cast anyway.)
You can't see any susceptible monsters within range! (Use Z to cast anyway.)
u - an amulet of reflection
Things that are here:
a +0 dagger; a goblin corpse An ice beast comes into view.
An ice beast is nearby!
A rat comes into view.
The ice beast hits you but does no damage.
Casting: Magic Dart (safe; 1% risk of failure)
Confirm with . or Enter, or press ? or * to list all spells.
Aiming: Searing Ray (safe; 1% risk of failure)
Press: ? - help, Shift-Dir - straight line The searing ray misses the ice beast. (Press . to maintain the ray.)
The ice beast hits you. The ice beast freezes you!
Ouch! That really hurt!
* * * LOW HITPOINT WARNING * * *
The searing ray hits the ice beast.
The ice beast is moderately wounded.
The searing ray hits the rat!
You kill the rat!
The ice beast hits you but does no damage.
The searing ray hits the ice beast!
The ice beast is heavily wounded.
The ice beast hits you but does no damage.
The searing ray hits the ice beast.
The ice beast is severely wounded.
You finish channelling your searing ray.
The ice beast hits you.
* * * LOW HITPOINT WARNING * * *
The ice beast freezes you!
You die...

..#.#.# ## #.#.#.#
#.#.#.# ############
### #.#.#.#
#...........
#....#.#.#.#########
#.##########
#..............r....
#.#
####.#.#.#.#########
#.#
#.#.#.###########.#
#......†..Y@....#.#
.......#.#########.#.#
#####........... #.#.#
############ #.#.#
#.#.# #.#.# #.#.#
#.#.# #.#.#


You could see an ice beast.

Vanquished Creatures
  Terence (D:3)
  5 adders
  2 worms
  A dart slug (D:1)
  An orc (D:2)
  3 endoplasms
  A giant cockroach (D:3)
  4 goblins
  7 hobgoblins
  A quokka (D:2)
  3 ball pythons
  4 bats
  5 kobolds
  2 rats
40 creatures vanquished.

Notes
Turn   | Place    | Note
-------+----------+-------------------------------------------
     0 | D:1      | KennySheep the Deep Elf Conjurer began the quest for the
                  | Orb.
     0 | D:1      | Reached XP level 1. HP: 10/10 MP: 6/6
   629 | D:1      | Reached skill level 1 in Translocations
   629 | D:1      | Reached XP level 2. HP: 15/15 MP: 5/8
  1111 | D:2      | Got the Octavo of Excruciating Poisoning
  1393 | D:2      | Reached XP level 3. HP: 19/19 MP: 5/9
  1675 | D:2      | Learned a level 2 spell: Searing Ray
  1705 | D:2      | Reached skill level 5 in Conjurations
  2124 | D:3      | Noticed Terence
  2131 | D:3      | Killed Terence
  2132 | D:3      | Reached XP level 4. HP: 24/24 MP: 2/11
  2299 | D:3      | Found a bloodstained altar of Trog.
  2421 | D:3      | Found a radiant altar of Vehumet.
  2676 | D:3      | Noticed an ice beast
  2694 | D:3      | Slain by an ice beast

Illustrated notes

Levels and vault maps discovered:
D:1:      dpeg_arrival_arbitrary_b, layout_basic, minmay_misc_feat_iff,
          minivault_23, chequers_serial_rivers_room_b
D:2:      layout_loops_cross, kennysheep_small_spiral
D:3:      layout_basic, mainiacjoe_overflow_small_starburst,
          mainiacjoe_overflow_alcove_4, uniq_terence

Skill      XL: |  1  2  3  4 |
---------------+-------------+-----
Translocations | 1 2 |  2.9
Conjurations   | 5 |  5.4
Spellcasting   | 4 |  4.0
Dodging        | |  2.4
Stealth        | |  2.4

Action                   |  1- 3 |  4- 6 || total
-------------------------+-------+-------++-------
 Cast: Magic Dart        |    69 |    16 ||    85
       Searing Ray       |     1 |     1 ||     2
  Use: Scroll            |     3 |       ||     3
       Potion            |     1 |       ||     1
Armor: Robe              |     1 |     3 ||     4
Dodge: Dodged            |     7 |       ||     7

Table legend: (Time is in decaauts)
 A = Elapsed time spent in this place.
 B = Non-inter-level travel time spent in this place.
 C = Inter-level travel time spent in this place.
 D = Time resting spent in this place.
 E = Time spent auto-exploring this place.
 F = Levels seen in this place.
 G = Mean time per level.
                   A        B        C        D        E       F      G
               +--------+--------+--------+--------+--------+-----+--------+
         Total |   2703 |   2639 |     64 |      1 |   2412 |   3 |  901.0 |
       Dungeon |   2703 |   2639 |     64 |      1 |   2412 |   3 |  901.0 |
               +--------+--------+--------+--------+--------+-----+--------+

Top non-repeatable levels by time:
     D:1: 1107 daAuts
     D:2: 877 daAuts
     D:3: 718 daAuts
